AoeStats
← ßonera

Fortress

509444747Analyzed
4v4 RM · 5d ago on Sep 26, 2026· 70m 36s· 8 players
Game mode
Random Map
Map size
Huge
Population
200
Speed
Normal
Resources
Standard
Victory
Conquest
Starting age
Dark Age
Ending age
Imperial Age
RankedLock teamsTeams togetherTeam positionsShared explorationLock speedFull tech treeHidden civsTurbo modeCheats
Victory
Defeat
🇭🇺 Britons · Hungary
843
+11
🇮🇹 Romans · Italy
835
+11
🇨🇿 Mongols · Czechia
803
+13
🇮🇹 Japanese · Italy
750
+14
🇦🇷 Cumans · Argentina
746
-13
🇧🇪 Teutons · Belgium
738
-13
🇸🇪 Mongols · Sweden
729
-12
🇧🇪 Vietnamese · Belgium
695
-11
Gori11a
4:34 Loom
9:34 Feudal Age
10:11 Double-Bit Axe
16:17 Castle Age
15:30 Fletching
15:41 Padded Archer Armor
15:29 Horse Collar
16:47 Gold Mining
17:36 Bow Saw
21:21 Ballistics
23:33 Bodkin Arrow
27:34 Gold Shaft Mining
31:36 Imperial Age
29:44 Wheelbarrow
30:25 Leather Archer Armor
31:15 Stone Mining
31:50 Thumb Ring
32:42 Parthian Tactics
32:23 Bracer
33:04 Heavy Plow
34:13 Chemistry
36:44 Elite Mangudai
41:12 Conscription
42:51 Heavy Cavalry Archer
60:10 Bloodlines
60:46 Light Cavalry
61:38 Scale Barding Armor
61:44 Forging
62:40 Chain Barding Armor
64:21 Iron Casting
Nico_24
8:06 Feudal Age
8:41 Horse Collar
8:49 Double-Bit Axe
14:05 Castle Age
12:30 Gold Mining
12:31 Stone Mining
15:03 Heavy Plow
15:17 Bow Saw
17:59 Crossbowman
19:40 Wheelbarrow
18:52 Town Watch
18:53 Loom
20:05 Husbandry
20:56 Stone Shaft Mining
21:45 Hand Cart
22:07 Padded Archer Armor
21:57 Fletching
24:25 Town Patrol
30:17 Imperial Age
28:27 Caravan
31:18 Leather Archer Armor
30:58 Bodkin Arrow
31:09 Scale Barding Armor
31:00 Elite Skirmisher
32:33 Crop Rotation
32:56 Paper Money
33:08 Ballistics
35:07 Imperial Skirmisher
35:57 Arrowslits
37:13 Chemistry
36:04 Heated Shot
40:09 Ring Archer Armor
39:39 Bracer
40:00 Chain Barding Armor
40:02 Chatras
39:23 Elite Rattan Archer
40:55 Elite Battle Elephant
47:27 Plate Barding Armor
46:52 Scale Mail Armor
47:03 Forging
53:58 Chain Mail Armor
54:19 Iron Casting
53:53 Siege Engineers
53:58 Masonry
53:48 Murder Holes
54:06 Fortified Wall
64:29 Bombard Tower
63:50 Treadmill Crane
64:43 Plate Mail Armor
ExponentMars848
10:04 Feudal Age
11:40 Wheelbarrow
10:56 Horse Collar
11:12 Double-Bit Axe
11:37 Gold Mining
16:39 Castle Age
15:48 Arson
16:18 Forging
16:10 Scale Mail Armor
16:13 Padded Archer Armor
17:56 Hand Cart
18:06 Heavy Plow
18:21 Bow Saw
18:18 Stone Mining
20:52 Stone Shaft Mining
28:11 Imperial Age
27:31 Iron Casting
27:13 Leather Archer Armor
30:10 Crop Rotation
30:44 Two-Man Saw
29:52 Caravan
31:08 Blast Furnace
30:25 Chain Mail Armor
30:00 Gambesons
30:21 Squires
30:59 Ring Archer Armor
32:48 Conscription
32:42 Elite Teutonic Knight
34:32 Capped Ram
57:21 Onager
58:48 Siege Onager
VivaPeron
1:04 Loom
5:21 Feudal Age
11:09 Castle Age
24:08 Light Cavalry
24:58 Bloodlines
27:19 Capped Ram
30:21 Fletching
30:59 Steppe Husbandry
37:44 Double-Bit Axe
38:56 Wheelbarrow
38:46 Bloodlines
41:22 Town Watch
41:56 Gold Mining
41:56 Stone Mining
45:47 Gold Shaft Mining
47:15 Caravan
48:09 Hand Cart
48:47 Fervor
48:30 Pikeman
48:30 Man-at-Arms
49:10 Squires
48:56 Arson
52:12 Thumb Ring
52:43 Ballistics
53:47 Forging
53:39 Padded Archer Armor
53:39 Scale Mail Armor
56:10 Iron Casting
55:41 Scale Barding Armor
55:52 Leather Archer Armor
55:32 Bodkin Arrow
56:03 Sanctity
55:44 Atonement
56:06 Heresy
55:41 Herbal Medicine
56:30 Scale Mail Armor
56:51 Masonry
56:37 Murder Holes
59:12 Chain Barding Armor
60:22 Chain Mail Armor
65:49 Imperial Age
67:06 Plate Barding Armor
67:02 Ring Archer Armor
67:32 Blast Furnace
67:37 Chemistry
67:15 Parthian Tactics
68:06 Cuman Mercenaries
69:03 Conscription
slimshady7177
8:24 Feudal Age
8:06 Loom
13:42 Castle Age
12:23 Stone Mining
15:09 Horse Collar
17:23 Man-at-Arms
19:07 Gold Mining
19:25 Double-Bit Axe
24:14 Wheelbarrow
28:07 Imperial Age
25:28 Man-at-Arms
26:24 Forging
26:15 Scale Mail Armor
26:34 Caravan
26:37 Long Swordsman
28:19 Legionary
32:46 Squires
33:28 Iron Casting
33:08 Chain Mail Armor
39:13 Bow Saw
40:46 Gold Shaft Mining
42:13 Hand Cart
43:12 Heavy Scorpion
44:14 Heavy Plow
44:05 Town Watch
45:29 Ballistics
46:10 Chemistry
46:18 Pikeman
49:19 Blast Furnace
49:26 Conscription
49:18 Ballistas
53:11 Crop Rotation
53:52 Comitatenses
53:26 Fletching
54:24 Halberdier
66:55 Siege Engineers
68:52 Town Patrol
ßonera
8:10 Feudal Age
10:17 Loom
13:33 Castle Age
11:40 Padded Archer Armor
11:52 Gold Mining
11:56 Stone Mining
11:49 Horse Collar
12:02 Double-Bit Axe
14:33 Fletching
20:10 Heavy Plow
25:20 Imperial Age
24:15 Wheelbarrow
23:26 Town Watch
26:15 Wheelbarrow
25:26 Town Watch
26:49 Squires
26:10 Pikeman
27:28 Town Patrol
28:48 Chemistry
28:10 Ballistics
27:47 Murder Holes
28:45 Bodkin Arrow
29:06 Leather Archer Armor
29:34 Conscription
30:04 Elite Longbowman
30:28 Halberdier
32:03 Bow Saw
32:03 Bracer
32:33 Ring Archer Armor
32:38 Forging
32:30 Scale Mail Armor
33:43 Arson
33:45 Gambesons
36:48 Iron Casting
36:29 Chain Mail Armor
42:33 Cavalier
43:14 Husbandry
46:11 Blast Furnace
45:41 Plate Mail Armor
57:07 Elite Skirmisher
CaukyMnauky
6:35 Feudal Age
7:07 Double-Bit Axe
7:07 Horse Collar
13:17 Castle Age
12:05 Stone Mining
12:12 Gold Mining
12:20 Stone Mining
13:31 Wheelbarrow
14:32 Bow Saw
14:33 Heavy Plow
15:02 Fletching
18:08 Gold Shaft Mining
20:08 Stone Shaft Mining
20:53 Hand Cart
20:25 Loom
24:15 Nomads
26:52 Imperial Age
26:02 Ballistics
25:47 Padded Archer Armor
25:43 Bodkin Arrow
25:53 Scale Barding Armor
26:24 Town Watch
28:06 Leather Archer Armor
27:51 Bracer
28:12 Chain Barding Armor
28:55 Chemistry
29:47 Hoardings
28:45 Sappers
29:35 Conscription
31:22 Coinage
30:53 Caravan
32:40 Masonry
32:31 Elite Mangudai
34:04 Thumb Ring
34:24 Parthian Tactics
37:07 Drill
37:20 Banking
48:23 Scale Mail Armor
48:34 Forging
48:16 Light Cavalry
49:07 Bloodlines
48:57 Husbandry
49:35 Chain Mail Armor
49:25 Hussar
51:40 Plate Mail Armor
51:45 Iron Casting
57:54 Blast Furnace
yellowmonday
8:53 Feudal Age
13:21 Castle Age
11:51 Double-Bit Axe
11:50 Horse Collar
12:05 Gold Mining
12:10 Stone Mining
14:36 Heavy Plow
15:00 Bow Saw
17:18 Wheelbarrow
17:29 Gold Shaft Mining
17:58 Loom
19:44 Hand Cart
25:00 Imperial Age
22:30 Gambesons
24:18 Man-at-Arms
24:59 Squires
25:20 Forging
25:11 Scale Mail Armor
25:43 Long Swordsman
27:04 Iron Casting
27:44 Two-Handed Swordsman
29:28 Blast Furnace
28:44 Chain Mail Armor
28:02 Elite Skirmisher
28:47 Padded Archer Armor
28:37 Fletching
31:33 Two-Man Saw
32:22 Kataparuto
36:00 Champion
39:01 Ballistics
39:42 Chemistry
38:48 Siege Engineers
40:19 Plate Mail Armor
39:46 Bodkin Arrow
40:06 Leather Archer Armor
44:17 Fortified Wall
53:42 Hoardings
56:13 Ring Archer Armor
55:44 Bracer
65:32 Pikeman
Connection lost

Rejoining the realm…

Still unreachable

The connection could not be restored.

Session expired

The server has moved on; the page needs a fresh start.